 Dungeon Crawl Stone Soup version 0.17.1-1-g73c8601 (webtiles) character file.

238 DeXoteric the Shooter (level 5, -6/47 HPs)
             Began as a Centaur Hunter on Dec 25, 2015.
             Mangled by a giant frog (7 damage)
             ... in a sewer.
             The game lasted 00:09:18 (4739 turns).

DeXoteric the Shooter (Centaur Hunter)              Turns: 4739, Time: 00:09:19

Health: -6/47      AC:  9    Str: 15    XL:     5   Next: 78%
Magic:  5/5        EV:  7    Int: 10    God:
Gold:   142        SH:  0    Dex: 10    Spells: 0 memorised, 4 levels left

rFire  . . .     SeeInvis .     b - +0 dagger
rCold  . . .     Clarity  .     g - +0 scale mail
rNeg   . . .     SustAt   .     (no shield)
rPois  .         Gourm    .     (no helmet)
rElec  .         Spirit   .     (no cloak)
rCorr  .         Warding  .     (no gloves)
rMut   .         Stasis   .     (no barding)
MR     .....                    (no amulet)
Stlth  ..........               (no ring)
                                h - +3 ring of protection

@: very quick, not resistant to hostile enchantments, extremely unstealthy
A: hooves 3, deformed body, speed 2, tough skin 3
a: no special abilities


You were in a sewer.
You were not hungry.

You visited 1 branch of the dungeon, and saw 3 of its levels.
You also visited: Sewer.

You collected 142 gold pieces.

Inventory:

Hand Weapons
 a - a +1 shortbow
 b - a +0 dagger (weapon)
 r - a +0 short sword
 x - the +6 long sword "Wamikk" {vamp, Int+4, unknown}
   (You found it in a sewer)

   It inflicts no extra harm, but heals its wielder somewhat when it strikes a
   living foe.
   It affects your intelligence (+4).
Missiles
 d - 16 arrows
 n - 7 arrows of flame
Armour
 c - a +0 leather armour
 g - a +0 scale mail (worn)
Jewellery
 h - a +3 ring of protection (left hand)
Scrolls
 f - a scroll of blinking {unknown}
 i - 3 scrolls of recharging {unknown}
 j - 3 scrolls of identify {unknown}
 k - 2 scrolls of magic mapping {unknown}
 l - a scroll of random uselessness {unknown}
 o - a scroll of teleportation {unknown}
 p - 2 scrolls of fog {unknown}
 s - 2 scrolls of remove curse {unknown}
 t - a scroll of amnesia {unknown}
 w - a scroll of fear {unknown}
Potions
 e - 2 potions of curing
 q - a potion of agility {unknown}
 u - a potion of magic {unknown}
 v - a potion of invisibility {unknown}
 z - a potion of heal wounds {unknown}
Comestibles
 m - 7 chunks of flesh


   Skills:
 + Level 4.6 Fighting
 + Level 7.5 Bows
 - Level 1.3 Dodging
 - Level 0.5 Stealth


You had 4 spell levels left.
You didn't know any spells.

Dungeon Overview and Level Annotations

Branches:
Dungeon (3/15)

Altars:
Cheibriados
Makhleb
Yredelemnul


Innate Abilities, Weirdness & Mutations

You have hooves in place of feet.
Armour fits poorly on your strangely shaped body.
You cover ground very quickly.
You have extremely tough skin (AC +3).


Message History

The adder barely misses you.
The giant frog hits you but does no damage.
The giant frog hits you.
* * * LOW HITPOINT WARNING * * *
The adder barely misses you. The giant frog barely misses you.
The giant frog barely misses you. The adder bites you but does no damage.
The giant frog hits you.
* * * LOW HITPOINT WARNING * * *
The giant frog hits you.
* * * LOW HITPOINT WARNING * * *
The giant frog hits you.
* * * LOW HITPOINT WARNING * * *
The giant frog hits you.
* * * LOW HITPOINT WARNING * * *
The adder bites you.
* * * LOW HITPOINT WARNING * * *
The giant frog hits you.
* * * LOW HITPOINT WARNING * * *
The giant frog hits you!
You die...

##..........÷.....
#........##.......
##......#'####.....
#......##..# ##÷...
#...÷..##..# #....
#≈≈≈≈≈≈##### #≈≈≈≈
#≈≈≈≈≈≈# #≈≈≈≈
#≈≈≈≈≈≈# #≈≈≈≈
#≈c≈≈≈≈# #≈≈≈≈
#FFS≈≈≈# #≈≈≈≈
#SS≈≈≈≈# #≈...
#≈≈≈≈≈≈# #....
#≈≈≈≈≈≈# #≈...
#≈≈≈≈≈≈# #≈≈≈.
#≈≈≈≈≈≈# #≈≈≈≈
#≈≈≈≈≈≈# #≈≈≈≈
#≈≈≈≈≈≈# #≈≈≈≈


You could see 2 giant frogs, 2 adders and a ball python.

Vanquished Creatures
  A giant frog skeleton (D:3)
  10 adders
  4 river rats (Sewer)
  3 oozes
  2 giant geckos
  3 giant cockroaches (D:1)
  4 goblins
  4 hobgoblins
  6 jackals
  7 ball pythons (Sewer)
  5 bats
  2 giant newts
  6 kobolds
  29 rats
86 creatures vanquished.

Notes
Turn   | Place    | Note
--------------------------------------------------------------
     0 | D:1      | DeXoteric the Centaur Hunter began the quest for the Orb.
     0 | D:1      | Reached XP level 1. HP: 17/17 MP: 1/1
   387 | D:1      | Reached XP level 2. HP: 23/25 MP: 2/2
  1437 | D:2      | Found a snail-covered altar of Cheibriados.
  1606 | D:2      | Reached skill level 6 in Bows
  1606 | D:2      | Reached XP level 3. HP: 14/31 MP: 3/3
  2201 | D:2      | Found a basalt altar of Yredelemnul.
  2331 | D:3      | Reached XP level 4. HP: 25/38 MP: 4/4
  2366 | D:3      | Found a burning altar of Makhleb.
  2587 | D:3      | Found a glowing drain.
  2595 | Sewer    | Entered a sewer
  3130 | Sewer    | Reached XP level 5. HP: 46/46 MP: 5/5
  3151 | Sewer    | Reached skill level 7 in Bows
  3212 | Sewer    | Got a scorched long sword
  3266 | Sewer    | HP: 2/46 [rat (2)]
  4152 | Sewer    | HP: 2/47 [poisoned by an adder]
  4722 | Sewer    | Noticed a giant frog
  4722 | Sewer    | Noticed a giant frog
  4739 | Sewer    | HP: 1/47 [giant frog (6)]
  4739 | Sewer    | Mangled by a giant frog

Action                   |  1- 3 |  4- 6 || total
-------------------------+-------+-------++-------
Melee: Short sword       |    60 |       ||    60
       Dagger            |   125 |   305 ||   430
 Fire: Shortbow          |       |    29 ||    29
  Use: Potion            |       |     2 ||     2
  Eat: Bread ration      |     1 |       ||     1
       Chunk             |       |     7 ||     7
